 Dungeon Crawl Stone Soup version 0.18-a0-916-gc496e2e (webtiles) character file.

410 Arkorax the Skirmisher (level 7, -5/57 HPs)
             Began as a Human Berserker on Dec 26, 2015.
             Was a Priest of Trog.
             Killed by divine providence
             ... invoked by an orc priest
              (12 damage)
             ... on level 6 of the Dungeon.
             The game lasted 00:05:23 (3539 turns).

Arkorax the Skirmisher (Human Berserker)            Turns: 3539, Time: 00:05:23

Health: -5/57      AC:  8    Str: 18    XL:     7   Next: 13%
Magic:  7/7        EV: 10    Int:  7    God:    Trog [***...]
Gold:   174        SH:  0    Dex: 14    Spells: 0 memorised, 6 levels left

rFire  . . .     SeeInvis .     a - +0 mace
rCold  . . .     Gourm    .     m - +0 scale mail
rNeg   . . .     Faith    .     (no shield)
rPois  .         Spirit   .     e - +0 helmet
rElec  .         Dismiss  .     v - +0 cloak
rCorr  .         Reflect  .     (no gloves)
SustAt .         Harm     .     (no boots)
MR     .....                    (no amulet)
Stlth  ..........               (no ring)
                                (no ring)

@: exhausted, not resistant to hostile enchantments, extremely unstealthy
A: no striking features
a: Berserk, Trog's Hand, Burn Spellbooks, Renounce Religion


You were on level 6 of the Dungeon.
You worshipped Trog.
Trog was most pleased with you.
You were not hungry.

You visited 1 branch of the dungeon, and saw 4 of its levels.

You collected 174 gold pieces.

Inventory:

Hand Weapons
 a - a +0 mace (weapon)
 n - a +0 long sword
Missiles
 r - 2 silver tomahawks (quivered)
Armour
 e - a +0 helmet (worn)
 m - a +0 scale mail (worn)
 v - a +0 cloak (worn)
Jewellery
 q - an uncursed ring of protection from magic {unknown}
 u - an uncursed ring of flight {unknown}
Scrolls
 g - a scroll of amnesia {unknown}
 h - 2 scrolls of enchant armour {unknown}
 i - 5 scrolls of identify {unknown}
 j - 2 scrolls of remove curse {unknown}
 k - a scroll of recharging {unknown}
 o - a scroll of noise {unknown}
 s - a scroll of magic mapping {unknown}
 t - a scroll of enchant weapon {unknown}
Potions
 b - a potion of heal wounds {unknown}
 f - a potion of cure mutation {unknown}
 w - a potion of cancellation {unknown}
Comestibles
 c - a bread ration
 l - a beef jerky
 p - a meat ration


   Skills:
 + Level 5.7 Fighting
 + Level 3.6 Long Blades
 - Level 4.1 Maces & Flails
 - Level 2.0 Armour
 - Level 2.0 Dodging


You had 6 spell levels left.
You didn't know any spells.

Dungeon Overview and Level Annotations

Branches:
Dungeon (6/15)
 Temple: D:4-7

Altars:
Fedhas
Okawaru
Trog
Vehumet


Message History

Your skin stops crawling.
You feel less resistant to hostile enchantments.
The orc priest barely misses you.
You hit the orc priest but do no damage.
The orc priest is almost dead.
The orc priest hits you with a hand axe of chopping.
* * * LOW HITPOINT WARNING * * *
x2 You hit the orc priest.
The orc priest is almost dead.
The orc priest casts a cantrip, but nothing happens.
You hit the orc priest but do no damage.
The orc priest is almost dead.
The orc priest hits you with a hand axe of chopping.
* * * LOW HITPOINT WARNING * * *
x2 Unknown command.
You barely miss the orc priest.
The orc priest is almost dead.
The orc priest mumbles some strange prayers to Beogh against you.
Something smites you!
You die...

#...(# ####### ######
......###############
###............o[o.o.
.........##o#########
.####.##.##.# .#
#.##.##.#
)####.##.##.############
)..........<...o@.....<#
.....###.##.############
.....# #.##.# .....#
#.##.# ....(# #.####
'#######.# ......##.#
.....[##.# ......####


You could see an orc priest.

Vanquished Creatures
  An orc warrior (D:6)
  A phantom (D:6)
  A crimson imp (D:6)
  A worker ant (D:6)
  2 hound skeletons (D:6)
  3 gnolls (D:6)
  6 adders
  2 oozes
  A giant gecko (D:1)
  An orc (D:6)
  3 ball pythons
  A giant cockroach (D:2)
  5 goblins
  11 hobgoblins
  4 jackals (D:3)
  10 bats
  4 giant newts
  4 kobolds
  9 rats
70 creatures vanquished.

Vanquished Creatures (others)
  An adder skeleton (D:6)
1 creature vanquished.

Grand Total: 71 creatures vanquished

Notes
Turn   | Place    | Note
--------------------------------------------------------------
     0 | D:1      | Arkorax the Human Berserker began the quest for the Orb.
     0 | D:1      | Reached XP level 1. HP: 18/18 MP: 1/1
   129 | D:1      | Reached XP level 2. HP: 17/24 MP: 2/2
   356 | D:1      | Reached ** piety under Trog
   356 | D:1      | Reached XP level 3. HP: 26/29 MP: 3/3
   968 | D:2      | Reached skill level 4 in Fighting
   970 | D:2      | Reached XP level 4. HP: 33/37 MP: 4/4
   995 | D:2      | Found a radiant altar of Vehumet.
   995 | D:2      | Found a bloodstained altar of Trog.
  1905 | D:2      | Found an iron altar of Okawaru.
  2413 | D:3      | Found a blossoming altar of Fedhas.
  2459 | D:3      | Reached *** piety under Trog
  2483 | D:3      | Reached XP level 5. HP: 31/43 MP: 5/5
  2717 | D:3      | Reached skill level 1 in Long Blades
  2749 | D:3      | You fall through a shaft for 3 floors!
  2879 | D:6      | Noticed a phantom
  2911 | D:6      | Killed a phantom
  2911 | D:6      | Reached XP level 6. HP: 14/50 MP: 6/6
  2949 | D:6      | Reached skill level 5 in Fighting
  3489 | D:6      | Noticed an orc warrior
  3511 | D:6      | Killed an orc warrior
  3511 | D:6      | Reached XP level 7. HP: 38/57 MP: 7/7
  3521 | D:6      | HP: 2/57 [orc priest/hand axe of chopping (1)]
  3539 | D:6      | Killed from afar by an orc priest

Vault maps used:
D:1:      sevenhm_arrival_forest_fort_large_2, serial_glass, glass_columns_b,
          glass_columns_a, item_on_display_a, minmay_strange_pillars,
          minmay_misc_feat_roman, minmay_circled_x
D:2:      mumra_celtic_spiral_tile, nicolae_overflow_hidden_temple, first_bread,
          okawaru_gym_becter
D:3:      overflow_temple_1_default, gammafunk_pakellas_cloud_experiment,
          uniq_crazy_yiuf_cottage
D:6:      lemuel_flamethrower_1

Action                   |  1- 3 |  4- 6 |  7- 9 || total
-------------------------+-------+-------+-------++-------
Melee: Mace              |   112 |   179 |    22 ||   313
Invok: Berserk           |       |     3 |       ||     3
       Trog's Hand       |       |     1 |     1 ||     2
  Use: Potion            |       |       |     4 ||     4
 Stab: Sleeping          |       |     1 |       ||     1
  Eat: Bread ration      |       |     3 |       ||     3
